← All builds
Suicide front / Armada / Factory first / OBSERVED BUILD

Standard suicide front

Armada Suicide front build order · Supreme Isthmus

The role's baseline: Bot Lab at 0:21 then straight into reclaim-fed T1 bot production to contest the middle and hold until T2 arrives, with an Advanced Metal Extractor around 9:45.

#rush · 2028 distinct matches · 233 players · 72% of Armada Suicide front games · team won 59% of 2406 · Recently observed

HOW TO PLAY IT

Key timing: Bot Lab by 0:20

  1. Open with mex and lab-first to get Bot Lab up by 0:20.
  2. Expand mex and wind while lab pumps units toward middle.
  3. Push Sentry and early Rocketeer, Centurion to contest middle.
  4. Get T2 constructor out once Pond's boost lets you spare metal.
  5. Upgrade mex to Advanced Metal Extractor as you transition off T1 spam.

Phase by phase

TYPICAL OF ITS 2028 GAMES
  1. 1
  2. 2
  3. 3
PLAY THE OPENING

Follow the example game's first 6:00 step by step: what to build now, what comes next, and where it goes. At 1× it keeps pace with your own game.

  1. 1

    Bot Lab first

    Order
    1. Bot LabBot Lab done ~0:24, middle half 0:20–0:33

    Some games also: mex (44%)

  2. 2

    Bot Lab to 5:00

    Economy
    • Metal Extractor5Mex
    • Wind Turbine4Wind
    Builders
    • Construction Bot3 Con bot
    • Lazarus2 Lazarus
    Army
    • Sentry4 Sentry
    • Rocketeer16 Rocketeer
    • Tick2 Tick
    • Centurion1 Centurion
    Other
    • Radar Tower1 Radar Tower

    Some games also: pawn (38%) · con turret (34%)

    By 5:00 in all: 5 mex · 4 wind

    The example game in this phase · 36 steps
    1. TickTick ×2
    2. LazarusLazarus ×2
    3. PawnPawn ×5
    4. Construction BotCon bot ×2
    5. Mex
    6. RocketeerRocketeer
    7. Mex
    8. RocketeerRocketeer ×2
    9. Mex
    10. RocketeerRocketeer
    11. Mex
    12. RocketeerRocketeer
    13. Wind
    14. RocketeerRocketeer
    15. SentrySentry
    16. Radar TowerRadar Tower
    17. RocketeerRocketeer
    18. Wind
    19. RocketeerRocketeer
    20. SentrySentry
    21. RocketeerRocketeer
    22. Wind
    23. RocketeerRocketeer
    24. SentrySentry
    25. RocketeerRocketeer
    26. Wind
    27. RocketeerRocketeer
    28. SentrySentry
    29. Wind
    30. RocketeerRocketeer ×2
    31. Wind
    32. RocketeerRocketeer
    33. Wind
    34. CenturionCenturion
    35. Naval Radar / Sonar TowerNaval Radar / Sonar Tower
    36. LazarusLazarus
  3. 3

    5:00 to 10:00

    Economy
    • Metal Extractor1Mex
    • Wind Turbine15Wind
    Builders
    • Construction Turret2 Con turret
    • Lazarus2 Lazarus
    • Construction Bot1 Con bot
    Army
    • Sentry1 Sentry
    • Rocketeer8 Rocketeer

    Some games also: pawn (49%) · Radar Tower (46%) · tick (45%) · centurion (44%) · energy storage (42%) · eat Bot Lab (31%)

    By 10:00 in all: 6 mex · 21 wind · 1 energy storage · 2 con turret

    The example game in this phase · 109 steps
    1. Wind
    2. ThugThug
    3. Mex
    4. LazarusLazarus
    5. Con turret
    6. ThugThug
    7. SentrySentry
    8. ThugThug
    9. LazarusLazarus
    10. ThugThug
    11. LazarusLazarus
    12. SentrySentry ×2
    13. ThugThug ×2
    14. RocketeerRocketeer
    15. CenturionCenturion
    16. ThugThug ×2
    17. RocketeerRocketeer ×2
    18. CenturionCenturion
    19. JanusJanus
    20. RocketeerRocketeer
    21. GraverobberGraverobber
    22. RocketeerRocketeer ×2
    23. ThugThug
    24. RocketeerRocketeer
    25. StoutStout
    26. ThugThug
    27. PawnPawn
    28. Wind
    29. Metal storage
    30. TickTick
    31. Wind
    32. TickTick
    33. PawnPawn
    34. Wind ×2
    35. TickTick
    36. Wind
    37. TickTick
    38. Mex
    39. PawnPawn
    40. Wind
    41. TickTick ×2
    42. Wind
    43. PawnPawn
    44. Radar TowerRadar Tower
    45. Wind
    46. TickTick ×2
    47. Wind
    48. PawnPawn
    49. Radar TowerRadar Tower
    50. Wind
    51. TickTick ×2
    52. Wind
    53. PawnPawn
    54. Converter
    55. Wind
    56. TickTick
    57. Wind
    58. TickTick
    59. Converter
    60. PawnPawn
    61. TickTick
    62. Wind
    63. Converter
    64. TickTick
    65. PawnPawn
    66. Converter
    67. TickTick
    68. SentrySentry
    69. TickTick
    70. Wind
    71. Converter
    72. PawnPawn
    73. Converter
    74. TickTick
    75. Wind
    76. Converter
    77. TickTick
    78. Con turret
    79. PawnPawn
    80. Converter
    81. TickTick
    82. Wind
    83. TickTick
    84. PawnPawn
    85. Converter
    86. SentrySentry
    87. Wind
    88. TickTick
    89. Wind
    90. TickTick
    91. Dragon's TeethDragon's Teeth
    92. PawnPawn
    93. Converter
    94. Wind
    95. TickTick
    96. Wind
    97. TickTick
    98. PawnPawn
    99. SentrySentry
    100. TickTick
    101. Con turret
    102. TickTick
    103. PawnPawn
    104. SentrySentry
    105. Con turret
    106. Sneaky PeteSneaky Pete
    107. TickTick ×2
    108. PawnPawn
    109. Wind ×8

Counts are medians over the build's games: half of them build more, half fewer. The example game is LLT's (34 OS, 12/09/2026); pick another.

Team trades

IN AT LEAST 30% OF ITS GAMES

You hand over

Nothing regular.

You get

  • Tidal Generator4 Tidal from Pondfirst at 0:10 · in 68% of games
  • Advanced Construction Bot1 T2 con bot from Geo or Techfirst at 7:41 · in 57% of games

How it plays out

Typical game of this build, running totals by minute

Metal produced

010k20k
0:005:0010:0015:00

metal

Enemy metal destroyed

05k10k
0:005:0010:0015:00

metal

Own metal lost

05k10k
0:005:0010:0015:00

metal

2406 games.

Show as table
ByMetal produced: This buildEnemy metal destroyed: This buildOwn metal lost: This build
1:0023000
2:0088700
3:002008184130
4:003109645501
5:00418413531000
6:00534721831707
7:00654330512589
8:00776039363499
9:00904646894375
10:001041253125161
11:001188958585966
12:001357864076686
13:001539668767455
14:001729675048213
15:001925281069007
WHAT THE NUMBERS SAY

Standard Suicide front play wins a bit over half its games while taking the heaviest own losses of any role by 15:00.

  • + Produces 20142 metal by 15:00, highest of the front roles.
  • + First kill by 2:01 in all games, fastest contest of middle.
  • − Own metal lost hits 9178 by 15:00, more than enemy metal destroyed.
  • − Only 34% Rocketeer share shows army spread thin across many bot types.
THE EXAMPLE YOU ARE READING

LLT

33.9 OS · 12/09/2026

Open source match ↗

4 received units
130 metal received · 7348 energy received

Allied construction assistance is unknown. Timings are observations, not a promise of solo reproducibility.

Typical milestones

Bot Lab0:24Middle 50%: 0:20–0:33 · n=2398
Advanced Metal Extractor9:46Middle 50%: 8:50–10:58 · n=1738

Played most by

_X_262games of this buildPlatinumBlonde188games of this buildXad166games of this buildTrapCaT109games of this buildSoliloqueur81games of this build